 Dungeon Crawl Stone Soup version 0.21.1-1-g345015fe64 (webtiles) character file.

901 LevaFresel the Chopper (level 8, 0/61 HPs)
             Began as a Human Fighter on June 13, 2018.
             Slain by an orc warrior
             ... wielding a +0 short sword
              (3 damage)
             ... on level 5 of the Dungeon.
             The game lasted 00:18:41 (4956 turns).

LevaFresel the Chopper (Human Fighter)              Turns: 4956, Time: 00:18:42

Health: 0/61       AC: 14    Str: 19    XL:     8   Next: 28%
Magic:  8/8        EV:  7    Int:  8    God:
Gold:   115        SH:  9    Dex: 13    Spells: 7/7 levels left

rFire    . . .     SeeInvis .   a - +0 war axe
rCold    . . .     Gourm    .   c - +0 shield
rNeg     . . .     Faith    .   t - +0 chain mail
rPois    .         Spirit   .   (no helmet)
rElec    .         Reflect  .   u - +0 cloak
rCorr    .         Harm     .   z - +2 pair of gloves {archery}
MR       .....                  (no boots)
Stlth    ..........             (no amulet)
HPRegen  0.20/turn              (no ring)
MPRegen  0.11/turn              (no ring)

@: about to teleport
A: no striking features
a: no special abilities


You were on level 5 of the Dungeon.
You were not hungry.

You visited 1 branch of the dungeon, and saw 6 of its levels.
You also visited: Sewer.

You collected 325 gold pieces.
You spent 210 gold pieces at shops.

Inventory:

Hand Weapons
 a - a +0 war axe (weapon)
 b - a +0 blowgun
 C - a +0 shortbow
Missiles
 s - 3 silver tomahawks (quivered)
 v - 21 arrows
 w - 9 curare-tipped needles
 y - a throwing net
Armour
 c - a +0 shield (worn)
 t - a +0 chain mail (worn)
 u - a +0 cloak (worn)
 z - a +2 pair of gloves of archery (worn)
Wands
 d - a wand of digging (13)
Scrolls
 e - a scroll of random uselessness {unknown}
 h - 3 scrolls of identify
 j - 2 scrolls of remove curse {unknown}
 k - a scroll of fear {unknown}
 l - a scroll of immolation {unknown}
 n - a scroll of enchant armour {unknown}
 p - 2 scrolls of blinking {unknown}
 r - 5 scrolls of teleportation
Potions
 g - 4 potions of flight
 i - a potion of mutation {unknown}
 m - 3 potions of brilliance
 o - a potion of haste {unknown}
 q - a potion of lignification {unknown}
 A - a potion of might
 B - a potion of cancellation {unknown}
 D - a potion of agility {unknown}
Books
 x - a book of Flames

   Spells                             Type                      Level
   a - Flame Tongue                   Conjuration/Fire             1
   b - Throw Flame                    Conjuration/Fire             2
   c - Conjure Flame                  Conjuration/Fire             3
   d - Inner Flame                    Hexes/Fire                   3
   e - Sticky Flame                   Conjuration/Fire             4
   f - Fireball                       Conjuration/Fire             5
Comestibles
 f - 7 rations


   Skills:
 + Level 4.6 Fighting
 * Level 5.4 Axes
 + Level 4.6 Armour
 + Level 3.3 Dodging
 + Level 4.4 Shields
 + Level 1.0 Evocations


You had 7 spell levels left.
You didn't know any spells.

Dungeon Overview and Level Annotations

Branches:
Dungeon (6/15)
 Temple: D:4-7

Altars:
Dithmenos
Gozag
Makhleb
Qazlal
The Shining One

Shops:
D:4 *


Message History

The orc warrior hits you with a short sword.
* * * LOW HITPOINT WARNING * * *
You block the iguana's attack. The adder barely misses you.
As you read the scroll of teleportation, it crumbles to dust.
You feel strangely unstable. The adder barely misses you. The iguana bites you!
* * * LOW HITPOINT WARNING * * *
The orc warrior misses you.
You barely miss the adder.
The adder is heavily wounded.
You hit the orc warrior but do no damage.
You hit the iguana. You block the adder's attack.
The iguana completely misses you.
The orc warrior hits you with a short sword!
* * * LOW HITPOINT WARNING * * *
The adder bites you but does no damage.
You slash the adder!
You kill the adder!
You closely miss the iguana. You closely miss the orc warrior.
The orc warrior hits you with a short sword.
You die...

...#.#
###..#.#############
...#.#
#....#.............#
...#.#
#.#.##.#########...#
...#†# #.#..#.##
#....# #....#
#.......# #....#
#.#### #.......#
#....# #.# #.......#
#####....# #.#
#....l)o#
#.....##### #.#
#.####@##
#.###.....# #.#
#.###### #.#
#.....### ..# #...<#
#.# #.....##. ###
###### #.# #.....##.
.# #.# #."...##. .#
#####.###.....##. .#
#...#............ .#
#......########## .#
####...##.#.........


You could see an orc warrior and an iguana.

Vanquished Creatures
  A phantom (D:4)
  2 ogres
  2 bullfrogs (Sewer)
  A crimson imp (D:5)
  2 bullfrog zombies (D:5)
  2 jellies (D:5)
  An iguana (D:5)
  An orc wizard (D:4)
  2 hound skeletons (D:5)
  10 adders
  3 gnolls (D:4)
  2 river rats (D:4)
  A shadow imp (D:5)
  An ooze (D:4)
  An adder skeleton (D:4)
  4 worms
  2 dart slugs
  6 leopard geckos
  13 orcs
  7 bats
  11 giant cockroaches
  7 goblins
  6 hobgoblins
  10 jackals
  7 quokkas
  3 ball pythons
  10 frilled lizards
  4 kobolds
  3 rats (D:2)
125 creatures vanquished.

Notes
Turn   | Place    | Note
-------+----------+-------------------------------------------
     0 | D:1      | LevaFresel the Human Fighter began the quest for the Orb.
     0 | D:1      | Reached XP level 1. HP: 18/18 MP: 1/1
    88 | D:1      | Reached XP level 2. HP: 20/24 MP: 2/2
   257 | D:1      | Reached XP level 3. HP: 14/29 MP: 3/3
   670 | D:2      | Reached skill level 1 in Dodging
   792 | D:2      | Reached XP level 4. HP: 21/35 MP: 4/4
  1030 | D:2      | Noticed an ogre
  1034 | D:2      | Killed an ogre
  1034 | D:2      | Reached skill level 3 in Axes
  1034 | D:2      | Reached XP level 5. HP: 20/41 MP: 5/5
  2116 | D:3      | Reached XP level 6. HP: 48/48 MP: 6/6
  2202 | D:3      | Noticed an air elemental
  2203 | D:3      | Found a stormy altar of Qazlal.
  2204 | D:3      | Noticed a fire elemental
  2205 | D:3      | Noticed a water elemental
  2589 | D:4      | Found a glowing drain.
  2598 | D:4      | Reached skill level 4 in Axes
  2730 | Sewer    | Entered a sewer
  3305 | Sewer    | Reached XP level 7. HP: 42/54 MP: 7/7
  3703 | D:4      | Found an opulent altar of Gozag.
  3771 | D:4      | Found Tirphes's Assorted Antiques.
  3830 | D:4      | Bought a pair of embroidered gloves for 210 gold pieces
  3870 | D:4      | Found a burning altar of Makhleb.
  3998 | D:4      | Found a glowing golden altar of the Shining One.
  4032 | D:4      | Reached skill level 5 in Axes
  4230 | D:5      | Entered Level 5 of the Dungeon
  4259 | D:5      | Reached XP level 8. HP: 55/61 MP: 8/8
  4414 | D:5      | Found a shadowy altar of Dithmenos.
  4535 | D:5      | Reached skill level 1 in Evocations
  4955 | D:5      | HP: 2/61 [orc warrior/short sword (8)]
  4956 | D:5      | Slain by an orc warrior

Skill      XL: |  1  2  3  4  5  6  7  8 |
---------------+-------------------------+-----
Dodging        | 1 2 3 |  3.3
Axes           | 3 4 5 |  5.4
Fighting       | 4 |  4.6
Armour         | 4 |  4.6
Shields        | 4 |  4.4
Evocations     | 1 |  1.0

Action                   |  1- 3 |  4- 6 |  7- 9 || total
-------------------------+-------+-------+-------++-------
Melee: War axe           |   106 |   227 |   165 ||   498
 Fire: Blowgun           |       |       |     3 ||     3
  Use: Potion            |       |     2 |       ||     2
       Scroll            |       |     1 |     6 ||     7
  Eat: Ration            |       |     3 |     1 ||     4
       Chunk             |       |     1 |     1 ||     2
Armor: Scale mail        |    52 |   107 |    19 ||   178
       Chain mail        |       |       |    65 ||    65
Dodge: Dodged            |    37 |    92 |    55 ||   184
Block: Shield            |    54 |   127 |    81 ||   262
